[Event "Pan-American Collegiate-ch 2025"]
[Site "Charlotte"]
[Date "2025.01.04"]
[Round "4.26"]
[White "Maiti, Milind"]
[Black "Frank, Adam"]
[Result "1/2-1/2"]
[Annotator "TA"]
[ECO "D34"]
[WhiteElo "2253"]
[BlackElo "2383"]
[PlyCount "93"]
[EventDate "2025.01.02"]
[EventType "team-tourn"]
[EventCountry "USA"]
[SourceTitle "playchess.com"]
[Source "ChessBase"]
[SourceQuality "1"]
[TimeControl "5400+30"]

1. d4 d5 2. c4 e6 3. Nc3 c5 4. cxd5 exd5 5. Nf3 Nf6 6. g3 Nc6 7. Bg2 Be7 8. O-O O-O 9. Bg5 c4 10. Ne5 Be6 11. e3 h6 12. Bxf6 Bxf6 13. f4 Bxe5 14. dxe5 d4 15. exd4 Qxd4+ 16. Qxd4 Nxd4 17. Rad1 (17. Bxb7 Rab8 18. Be4 Rxb2 $11) 17... Nf5 18. Kf2 {[%emt 0:03:16] Inhibits Ne3.} (18. Bxb7 Rab8 19. Bd5 Ne3 $19 (19... Rxb2 20. Rf2 $11)) 18... h5 19. Na4 (19. Bxb7 Rab8 20. Bf3 Rxb2+ 21. Kg1 h4 $11) 19... Rab8 20. Nc5 b5 21. Nd7 Bxd7 22. Rxd7 a5 23. Bd5 Nh6 24. Rd1 {[%emt 0:06:18] White is much more active.} Rfc8 {[%emt 0:10:45] [#]} 25. Ra7 (25. Bb7 $1 $18 Rc5 26. Rd8+ Rxd8 27. Rxd8+ Kh7 28. Rd5 Rxd5 29. Bxd5) 25... c3 26. bxc3 (26. Rxa5 $2 {is the wrong capture.} cxb2 27. Be4 f5 $19) 26... Rxc3 27. Rxa5 (27. Kg1 $16) 27... Ng4+ $14 28. Ke2 Ne3 $1 29. Rd4 Nxd5 30. Rxd5 {[%emt 0:00:05][%mdl 4096] Endgame KRR-KRR. White is a pawn up.} b4 $1 31. Ra7 Rc2+ 32. Kf3 {[%emt 0:04:28] Threatens to win with Rdd7.} b3 $1 33. axb3 Rxb3+ 34. Ke4 g6 $1 35. Rd8+ (35. Rdd7 $5 Re2+ $8 36. Kd4 Rd2+ 37. Ke4 Re2+ $11) 35... Kg7 36. Rdd7 Re2+ 37. Kd4 Rd2+ 38. Ke4 (38. Kc4 $14 Rxd7 39. Rxd7) 38... Re2+ $11 39. Kd4 (39. Kd5 $11 Rd3+ 40. Kc4 Rxd7 41. Rxd7) 39... Rd2+ $14 40. Kc4 Rxd7 41. Rxd7 {[%emt 0:00:00] KR-KR. White is a pawn up.} Re3 42. Kd5 ({Better is} 42. Kd4 $14 Re1 43. Rb7) 42... Kf8 $11 43. Kd6 Rd3+ 44. Kc7 Rc3+ 45. Kd6 Rd3+ 46. Kc7 Rc3+ 47. Kd6 1/2-1/2

[Event "Pan-American Collegiate-ch 2025"]
[Site "Charlotte"]
[Date "2025.01.04"]
[Round "4.28"]
[White "Bruha, Nicholas"]
[Black "Dhanush Bharadwaj"]
[Result "0-1"]
[Annotator "TA"]
[ECO "A36"]
[WhiteElo "2019"]
[BlackElo "2238"]
[PlyCount "162"]
[EventDate "2025.01.02"]
[EventType "team-tourn"]
[EventCountry "USA"]
[SourceTitle "playchess.com"]
[Source "ChessBase"]
[SourceQuality "1"]
[TimeControl "5400+30"]

1. c4 Nf6 2. Nc3 g6 3. e4 d6 4. g3 Bg7 5. Bg2 O-O 6. Nge2 c5 7. O-O Nc6 8. d3 a6 9. Rb1 Rb8 10. a4 Ne8 11. Be3 Bg4 12. f3 Bd7 13. d4 cxd4 14. Nxd4 Nc7 15. b3 Re8 16. f4 Nb4 17. Qd2 Nc6 18. b4 Rf8 19. Nc2 b6 20. Rfd1 Bg4 21. Rdc1 Qd7 22. Nd5 Nxd5 23. cxd5 Na7 24. Bf1 Qxa4 25. Nd4 Bxd4 26. Bxd4 Nb5 27. Ra1 Nxd4 28. Qxd4 Qb3 29. Rcb1 Qc2 30. Bd3 (30. Bxa6 Bf3 31. Qf2 Qxe4 (31... Bxe4 32. Qxc2 Bxc2 33. Re1 $15) (31... Qxf2+ 32. Kxf2 Bxe4 33. Re1 $15) 32. Rb3 $17) 30... Qc7 (30... Qd2 $2 31. Rb2 $18 (31. Rxa6 $2 Bh3 $19)) 31. Rc1 Qd7 32. Bxa6 ({Better is} 32. Rxa6 $14 Rfc8 33. Rca1) 32... e6 (32... b5 $11) 33. Rc6 exd5 (33... b5 $11) 34. Qxd5 $14 (34. Rxb6 Rxb6 35. Qxb6 dxe4 $17) 34... Rfd8 35. b5 Be6 (35... Qe7 $5) 36. Qd4 d5 37. e5 (37. Rxb6 Rxb6 38. Qxb6 dxe4 $17) 37... Qe7 38. Rac1 (38. Rxb6 Rxb6 39. Qxb6 d4 $17) 38... Qa3 39. Qc3 Qxc3 40. R1xc3 d4 41. Rd3 Bf5 42. Rd2 d3 43. Kf2 h5 44. Ke3 Rd5 45. h3 Kf8 46. g4 hxg4 47. hxg4 Bd7 48. Rd6 Rxd6 49. exd6 Bxg4 50. Rxd3 Ke8 51. Kd4 Kd7 52. Kd5 (52. Ke5 $11 {keeps the balance.}) 52... Be6+ $17 53. Ke5 {[%emt 0:00:29] [#]} Rh8 $1 54. Rd4 (54. Rc3 $17) 54... Rh5+ $19 55. Ke4 Rc5 56. Rd2 Bc4 57. Bb7 Bxb5 (57... Rxb5 58. Ke3 Be6 59. Bf3 $19) 58. Bd5 (58. Rb2 $142) 58... Bc6 $19 (58... Kxd6 59. Bxf7+ Ke7 60. Bxg6 $11) 59. Bxc6+ Rxc6 (59... Kxc6 $2 {too greedy.} 60. d7 $18) 60. Ke5 Rc5+ 61. Ke4 b5 62. Rd3 $2 (62. Ke3) 62... b4 $19 63. Rb3 Rb5 ({Less strong is} 63... Kxd6 64. Rxb4 Ra5 65. Rb3 $15) 64. Kd4 Kxd6 65. Kc4 Rb7 66. Rd3+ Ke6 67. Kb3 Kf5 68. Rd4 f6 69. Rc4 g5 70. fxg5 fxg5 71. Rc8 g4 72. Rf8+ Kg5 73. Rg8+ Kf4 74. Rf8+ Kg3 75. Rg8 Kf3 76. Rf8+ {[%emt 0:00:03] [#]} Kg2 $1 77. Rg8 g3 78. Rg6 Kf2 79. Rf6+ Kg1 80. Rg6 g2 81. Rg8 Rf7 0-1